 Dungeon Crawl Stone Soup version 0.29-a0-322-g68df515428 (webtiles) character file.

Game seed: 8510785883236318077

1115 YayAnonymity the Carver (level 8, -5/61 HPs)
             Began as a Green Draconian Gladiator on Apr 6, 2022.
             Was an Initiate of Wu Jian.
             Slain by a yak (10 damage)
             ... on level 5 of the Dungeon.
             The game lasted 00:07:27 (5353 turns).

YayAnonymity the Carver (Green Draconian Gladiator) Turns: 5353, Time: 00:07:28

Health: -5/61      AC:  7    Str: 16    XL:     8   Next: 12%
Magic:  8/8        EV: 15    Int:  8    God:    Wu Jian [......]
Gold:   443        SH:  0    Dex: 16    Spells: 7/7 levels left

rFire   . . .      SeeInvis .   a - +1 long sword
rCold   . . .      Faith    .   (no shield)
rNeg    . . .      Spirit   .   (body armour unavailable)
rPois   +          Reflect  .   b - +0 hat
rElec   .          Harm     .   w - +0 cloak
rCorr   .          Rampage  .   (no gloves)
Will    .....                   (no boots)
Stlth   +.........              u - amulet of regeneration
HPRegen 1.00/turn               (no ring)
MPRegen 0.11/turn               (no ring)

@: no status effects
A: breathe noxious fumes, AC +6, unfitting armour, poison resistance,
cold-blooded
a: Breathe Noxious Fumes, Renounce Religion


You were on level 5 of the Dungeon.
You worshipped Wu Jian.
Wu Jian was noncommittal.
You visited 2 branches of the dungeon, and saw 6 of its levels.

You collected 443 gold pieces.

Inventory:

Hand Weapons
 a - a +1 long sword (weapon)
Missiles
 c - 3 throwing nets
 d - 7 javelins
 j - 12 poisoned darts (quivered)
Armour
 b - a +0 hat (worn)
 v - a +0 kite shield
 w - a +0 cloak (worn)
Jewellery
 u - an amulet of regeneration (around neck)
Wands
 o - a wand of charming (11)
 p - a wand of polymorph (6)
Scrolls
 e - 3 scrolls of teleportation
 i - a scroll of enchant weapon
 k - a scroll of noise
 n - a scroll of vulnerability
 s - a scroll of blinking {unknown}
Potions
 f - a potion of flight
 g - 2 potions of haste
 h - 2 potions of might
 l - a potion of magic {unknown}
 m - 2 potions of mutation {unknown}
 q - a potion of brilliance
 r - 2 potions of curing
 t - 2 potions of lignification {unknown}


   Skills:
 - Level 2.1 Fighting
 * Level 8.4 Long Blades
 - Level 1.7 Throwing
 + Level 5.7 Dodging


You had 7 spell levels left.
You didn't know any spells.
Your spell library contained the following spells:

 Spells                   Type           Power      Damage    Failure   Level
 Freeze                   Ice            0%         1d3       41%         1
 Pain                     Necr           0%         1d4       41%         1
 Slow                     Hex            0%         N/A       41%         1
 Confusing Touch          Hex            0%         N/A       78%         3
 Dazzling Flash           Conj/Hex       0%         N/A       78%         3
 Frozen Ramparts          Ice            0%         1d2       78%         3
 Gell's Gravitas          Tloc           0%         N/A       78%         3
 Teleport Other           Tloc           0%         N/A       78%         3
 Vampiric Draining        Necr           0%         2d6       78%         3
 Hailstorm                Conj/Ice       0%         3d3       99%         4
 Iskenderun's Mystic Bla  Conj/Tloc      0%         2d3       99%         4
 Leda's Liquefaction      Hex/Erth       0%         N/A       99%         4
 Agony                    Necr           0%         N/A       100%        5
 Excruciating Wounds      Necr           0%         N/A       100%        5
 Dispersal                Tloc           0%         N/A       100%        6
 Starburst                Conj/Fire      0%         6d3       100%        6
 Spellforged Servitor     Conj/Summ      0%         N/A       100%        7


Dungeon Overview and Level Annotations

Branches:
Dungeon (5/15)             Temple (1/1) D:5

Altars:
Ashenzari
Cheibriados
Elyvilon
Fedhas
Hepliaklqana
Kikubaaqudgha
Makhleb
Nemelex Xobeh
Okawaru
Qazlal
Sif Muna
Uskayaw
Wu Jian
Xom
Yredelemnul
Zin
The Shining One

Shops:
D:3 !


Innate Abilities, Weirdness & Mutations

You can breathe blasts of noxious fumes.
Your lurid green scales are hard. (AC +6)
You cannot fit into any form of body armour.
Your system is resistant to poisons. (rPois)
You are cold-blooded and may be slowed by cold attacks.


Message History

You slash the gnoll sergeant!
You kill the gnoll sergeant!
The Council accepts your kill. The yak closely misses you. The yak misses you.
Things that are here:
a +0 spear; a +0 scale mail; a +0 kite shield
v - a +0 kite shield The yak closely misses you.
You see here a +0 falchion.
The yak gores you but does no damage.
You see here 8 stones.
The yak attacks as you move away! The yak closely misses you.
You see here a wand of polymorph (4).
The yak closely misses you.
You see here a book of Chaos.
You barely miss the yak.
Your tail-slap misses the yak.
The yak gores you.
* * * LOW HITPOINT WARNING * * *
You hit the yak.
You tail-slap the yak, but do no damage.
The yak is lightly wounded.
The yak gores you but does no damage.
You hit the yak.
The yak is moderately wounded.
The yak completely misses you.
You slash the yak! You tail-slap the yak.
The yak is heavily wounded.
The yak gores you!
* * * LOW HITPOINT WARNING * * *
You closely miss the yak.
The yak is heavily wounded.
The yak misses you.
You slash the yak!
The yak is severely wounded.
The yak gores you.
* * * LOW HITPOINT WARNING * * *
You hit the yak.
The yak is almost dead.
The yak gores you!
You die...

#.# #.......#####.........
#.# #.......##......##....
#.#####.......##.##.#.#####.
#.##..........##.##.#.# #.
#.##.########.##.#..#.# #.
#.##..# #.##.#..#.# #.
####..########......#.# #.
#..#..'$))###......# #.
#..#..#?@Y# ###.#### #.
#..#..#?./# .# #.
#..#.†##### ## #.
#..#.†....# #. #..#......#
#. .#####..#####..# #.
....s#..#......# #######.
.....#..#......# #.......
###..#..#..##### #.######


You could see a yak.

Vanquished Creatures
  Grinder (D:3)
  A sky beast (D:5)
  2 ice beasts (D:5)
  An ogre (D:5)
  A phantom (D:3)
  2 scorpions (D:5)
  A necrophage (D:3)
  A gnoll sergeant (D:5)
  A hound (D:4)
  Natasha (thrice) (D:2)
  6 adders
  An ufetubus (D:5)
  2 worms
  A dart slug (D:5)
  4 orcs
  7 ball pythons
  10 endoplasms
  6 giant cockroaches
  7 hobgoblins
  6 kobolds
  4 quokkas
  6 bats
  4 frilled lizards
  6 goblins
  9 rats
93 creatures vanquished.

Notes
Turn   | Place    | Note
-------+----------+-------------------------------------------
     0 | D:1      | YayAnonymity the Draconian Gladiator began the quest for
                  | the Orb.
     0 | D:1      | Reached XP level 1. HP: 17/17 MP: 1/1
   384 | D:1      | Reached XP level 2. HP: 24/24 MP: 2/2
  1125 | D:2      | Reached XP level 3. HP: 19/29 MP: 3/3
  1296 | D:2      | Identified the +2 leather armour of Wariness {Harm rC+ rN++
                  | Str-4 Slay+3}
  1337 | D:2      | Found a shimmering altar of Xom.
  1353 | D:2      | Reached skill level 4 in Long Blades
  1818 | D:2      | Noticed Natasha
  1835 | D:2      | Killed Natasha
  1836 | D:2      | Reached XP level 4. HP: 2/36 MP: 4/4
  1867 | D:2      | Noticed Natasha
  2126 | D:2      | Killed Natasha
  2373 | D:2      | Got the Compendium of Destructive Beguiling
  2500 | D:2      | Noticed Natasha
  2505 | D:2      | Killed Natasha
  2572 | D:2      | Found a faded altar of an unknown god.
  2633 | D:3      | Reached skill level 5 in Long Blades
  2655 | D:3      | Noticed a phantom
  2672 | D:3      | Killed a phantom
  2673 | D:3      | Reached XP level 5. HP: 23/41 MP: 5/5
  2899 | D:3      | Found Kecoppir's Distillery.
  2975 | D:3      | Found a basalt altar of Yredelemnul.
  3162 | D:3      | Noticed Grinder
  3192 | D:3      | Reached XP level 6. HP: 36/48 MP: 6/6
  3203 | D:3      | Paralysed by Grinder for 4 turns
  3208 | D:3      | Killed Grinder
  3209 | D:3      | Reached skill level 6 in Long Blades
  3571 | D:3      | Found a white marble altar of Elyvilon.
  3671 | D:4      | Your scales start taking on a lurid green colour.
  3671 | D:4      | Reached XP level 7. HP: 55/55 MP: 7/7
  3671 | D:4      | Gained mutation: Your system is resistant to poisons.
                  | (rPois) [Green Draconian growth]
  4145 | D:5      | Entered Level 5 of the Dungeon
  4185 | D:5      | Reached skill level 7 in Long Blades
  4285 | D:5      | Reached skill level 5 in Dodging
  4369 | D:5      | Found a blossoming altar of Fedhas.
  4450 | D:5      | Found a staircase to the Ecumenical Temple.
  4459 | Temple   | Entered the Ecumenical Temple
  4499 | Temple   | Became a worshipper of the Wu Jian Council
  5053 | D:5      | Found a hide-covered altar of Uskayaw.
  5292 | D:5      | Reached skill level 8 in Long Blades
  5302 | D:5      | Reached XP level 8. HP: 61/61 MP: 8/8
  5353 | D:5      | Slain by a yak

Illustrated notes

Levels and vault maps discovered:
D:1:      dpeg_arrival_rhombus, layout_basic, serial_glass, glass_columns_a,
          glass_columns_a, glass_columns_c
D:2:      layout_loops_cross, ebering_ecumenical_altar_hall, basic_altar,
          fountainhead, uniq_natasha
D:3:      layout_rooms, kennysheep_ying_yang, serial_shops, nicolae_square_shop,
          minmay_ruptured, uniq_grinder
D:4:      layout_basic
D:5:      kennysheep_windowed_halls, layout_loops_cross,
          lemuel_coloured_pillars_altar, amcnicky_altar_gilded,
          minmay_temple_entry_junction
Temple:   oiseaux_autumnal_temple

Skill      XL: |  1  2  3  4  5  6  7 |
---------------+----------------------+-----
Dodging        | 3 4 5 |  5.7
Long Blades    | 4 5 6 8 |  8.4
Fighting       | |  2.1
Throwing       | |  1.7

Action                   |  1- 3 |  4- 6 |  7- 9 || total
-------------------------+-------+-------+-------++-------
Melee: Long sword        |   130 |   115 |   108 ||   353
       Tailslap          |    12 |    19 |    13 ||    44
       Punch             |     2 |     2 |     3 ||     7
Throw: Dart              |       |     2 |       ||     2
Invok: Lunge             |       |       |     5 ||     5
  Use: Scroll            |       |     3 |     7 ||    10
 Stab: Sleeping          |       |     3 |     1 ||     4
       Distracted        |       |     1 |       ||     1
Armor: Skin              |    45 |    32 |    32 ||   109
Dodge: Dodged            |    98 |    97 |    79 ||   274

Table legend: (Time is in decaauts)
 A = Elapsed time spent in this place.
 B = Non-inter-level travel time spent in this place.
 C = Inter-level travel time spent in this place.
 D = Time resting spent in this place.
 E = Time spent auto-exploring this place.
 F = Levels seen in this place.
 G = Mean time per level.
                   A        B        C        D        E       F      G
               +--------+--------+--------+--------+--------+-----+--------+
         Total |   5415 |   5182 |    233 |    699 |   3591 |   6 |  902.5 |
       Dungeon |   5081 |   4875 |    206 |    699 |   3313 |   5 | 1016.2 |
        Temple |    333 |    306 |     27 |      0 |    278 |   1 |  333.0 |
               +--------+--------+--------+--------+--------+-----+--------+

Top non-repeatable levels by time:
     D:2: 1417 daAuts
     D:3: 1254 daAuts
     D:1: 1001 daAuts
     D:5: 820 daAuts
     D:4: 588 daAuts
  Temple: 333 daAuts
